 Dungeon Crawl Stone Soup version 0.26.1-11-gd32895ea62 (webtiles) character file.

Game seed: 17335321804979698772

1267 Tirrikindir the Carver (level 8, 0/54 HPs)
             Began as an Octopode Fighter on June 8, 2021.
             Was an Initiate of Gozag.
             Succumbed to a gnoll's poison
             ... on level 7 of the Dungeon.
             The game lasted 00:11:45 (6470 turns).

Tirrikindir the Carver (Octopode Fighter)           Turns: 6470, Time: 00:11:46

Health: 0/54       AC:  1    Str: 16    XL:     8   Next: 53%
Magic:  8/8        EV: 13    Int: 10    God:    Gozag
Gold:   381        SH:  9    Dex: 13    Spells: 7/7 levels left

rFire    + . .     SeeInvis .   a - +2 long sword
rCold    + . .     Faith    .   b - +0 kite shield
rNeg     . . .     Spirit   .   (helmet restricted)
rPois    +         Reflect  .   (no amulet)
rElec    +         Harm     .   (no ring)
rCorr    +         Rampage  .   (no ring)
Will     .....                  (no ring)
Stlth    +++.......             (no ring)
HPRegen  0.18/turn              (no ring)
MPRegen  0.11/turn              (no ring)
                                (no ring)
                                (no ring)

@: lethally poisoned (0 -> -18), resistant, gold aura, hasted, very quick
A: almost no armour, stealthy swim, amphibious, 8 rings, constrict 8, camouflage
1, gelatinous body 1
a: Renounce Religion, Potion Petition, Call Merchant, Bribe Branch


You were on level 7 of the Dungeon.
You worshipped Gozag.
Gozag was aware of your devotion.
You visited 2 branches of the dungeon, and saw 8 of its levels.

You collected 619 gold pieces.
You paid 238 gold pieces to Gozag.

Inventory:

Hand Weapons
 a - a +2 long sword (weapon)
 h - a +0 short sword
Armour
 b - a +0 kite shield (worn)
Wands
 o - a wand of paralysis (21)
Scrolls
 e - 3 scrolls of identify
 i - 4 scrolls of remove curse
 j - 3 scrolls of teleportation
 k - 3 scrolls of fear
 l - 2 scrolls of immolation
 m - a scroll of magic mapping
 p - a scroll of amnesia
Potions
 c - 2 potions of might
 d - a potion of flight
 g - a potion of magic
 n - a potion of haste


   Skills:
 + Level 4.0 Fighting
 * Level 8.0 Long Blades
 * Level 4.1 Dodging
 + Level 4.0 Stealth
 * Level 4.1 Shields
 + Level 2.1 Evocations


You had 7 spell levels left.
You didn't know any spells.
Your spell library contained the following spells:

 Spells                   Type           Power        Failure   Level
 Magic Dart               Conj           0%           83%         1
 Searing Ray              Conj           0%           93%         2
 Dazzling Flash           Conj/Hex       0%           99%         3
 Fulminant Prism          Conj/Hex       0%           100%        4
 Iskenderun's Mystic Bla  Conj/Tloc      0%           100%        4


Dungeon Overview and Level Annotations

Branches:
Dungeon (7/15)             Temple (1/1) D:4

Altars:
Ashenzari
Dithmenos
Fedhas
Gozag
Hepliaklqana
Kikubaaqudgha
Makhleb
Nemelex Xobeh
Okawaru
Ru
Sif Muna
Trog
Uskayaw
Vehumet
Xom
Yredelemnul
Zin
The Shining One


Innate Abilities, Weirdness & Mutations

You cannot wear most types of armour.
You are very stealthy in the water. (Stealth+)
You are amphibious.
You can wear up to eight rings at the same time.
You can use your tentacles to constrict eight enemies at once.
Your skin changes colour to match your surroundings (Stealth+).
Your rubbery body absorbs attacks. (AC +1, EV +1)


Message History

You feel sick. The adder bites you.
* * * LOW HITPOINT WARNING * * *
The orc becomes distracted by the nearby gold, dreaming of imaginary riches.
Things that are here:
4 gold pieces; a +0 spear Unknown command.
The iguana hisses angrily.
You hit the orc.
The orc is no longer distracted by gold.
Your grab misses the orc.
The orc is severely wounded.
* * * LOW HITPOINT WARNING * * *
You feel sick. The ufetubus hits you.
* * * LOW HITPOINT WARNING * * *
The ufetubus barely misses you. The adder barely misses you.
The orc completely misses you.
You riposte.
You hit the orc but do no damage. You grab the orc. You squeeze the orc.
You kill the orc!
You die...
Your body crumbles into a pile of gold.

.......##..............##...
.......#...............# ..
...#.####....#..........#
<..### ##...####..#...##
.>## ###.###..##...#. ###
####.##....#.....
###....#.(.###.....
#.........##....#
##........@5$...#
###...###$S....# ##.##
##........ ## #..l.....
##....... ....... .......
.......


You could see an iguana, an adder and an ufetubus.

Vanquished Creatures
  2 orc warriors (D:6)
  An ogre (D:6)
  A centaur (D:5)
  2 bullfrogs
  3 hounds
  5 orc wizards
  4 orc priests
  An iguana (D:5)
  5 worker ants
  A hound skeleton (D:4)
  A howler monkey skeleton (D:5)
  9 adders
  3 gnolls (D:7)
  2 shadow imps
  2 white imps
  An ufetubus (D:7)
  2 oozes
  An adder skeleton (D:7)
  3 worms
  A dart slug (D:1)
  5 leopard geckos
  14 orcs
  5 bats
  6 giant cockroaches
  6 goblins
  4 hobgoblins
  8 jackals
  A quokka (D:4)
  A ball python (D:3)
  5 frilled lizards
  6 kobolds
  A quokka skeleton (D:4)
  9 rats
121 creatures vanquished.

Vanquished Creatures (others)
  5 plants (D:1)
5 creatures vanquished.

Grand Total: 126 creatures vanquished

Notes
Turn   | Place    | Note
-------+----------+-------------------------------------------
     0 | D:1      | Tirrikindir the Octopode Fighter began the quest for the
                  | Orb.
     0 | D:1      | Reached XP level 1. HP: 16/16 MP: 1/1
   159 | D:1      | Reached XP level 2. HP: 19/21 MP: 2/2
   253 | D:1      | Reached skill level 1 in Stealth
   478 | D:1      | Reached XP level 3. HP: 25/26 MP: 3/3
  1057 | D:2      | Found a broken altar of Ashenzari.
  1223 | D:2      | Reached skill level 3 in Long Blades
  1223 | D:2      | Reached XP level 4. HP: 11/31 MP: 4/4
  2166 | D:3      | Reached XP level 5. HP: 35/36 MP: 5/5
  3211 | D:4      | Reached XP level 6. HP: 43/43 MP: 6/6
  3217 | D:4      | Reached skill level 4 in Long Blades
  3233 | D:4      | Found a staircase to the Ecumenical Temple.
  3257 | Temple   | Entered the Ecumenical Temple
  3263 | Temple   | Became a worshipper of Gozag Ym Sagoz the Greedy
  4068 | D:5      | Entered Level 5 of the Dungeon
  4222 | D:5      | Reached XP level 7. HP: 24/48 MP: 7/7
  4457 | D:5      | Reached skill level 5 in Long Blades
  4522 | D:5      | Found a glowing golden altar of the Shining One.
  5168 | D:6      | Reached skill level 6 in Long Blades
  5270 | D:6      | Reached skill level 1 in Evocations
  5291 | D:6      | Reached skill level 7 in Long Blades
  5291 | D:6      | Reached XP level 8. HP: 14/54 MP: 8/8
  5682 | D:6      | HP: 1/54 [orc warrior/+0 dire flail (10)]
  6394 | D:7      | Reached skill level 8 in Long Blades
  6469 | D:7      | HP: 1/54 [ufetubus (3)]
  6470 | D:7      | Succumbed to a gnoll's poison

Illustrated notes

Levels and vault maps discovered:
D:1:      lightli_arrival_flooded_house, layout_basic
D:2:      layout_basic, chequers_serial_rivers_marsh,
          nicolae_ashenzari_panopticon
D:3:      minmay_skewed_foursquare, layout_basic
D:4:      layout_loops_ring, minmay_temple_entry_large_hall
D:5:      layout_cave_pools, nicolae_tso_swordbearing_angel
D:6:      layout_loops_ring
D:7:      lemuel_ratsnest, layout_cave_pools, grunt_qazlal_sundering,
          nicolae_overflow_hidden_temple, basic_altar, serial_shops, shop,
          dk_vineyard_2, uniq_pikel
Temple:   eino_narrow_crystal_temple

Skill      XL: |  1  2  3  4  5  6  7  8 |
---------------+-------------------------+-----
Stealth        | 1 2 4 |  4.0
Long Blades    | 3 4 7 8 |  8.0
Fighting       | 4 |  4.0
Shields        | 4 |  4.1
Dodging        | 4 |  4.1
Evocations     | 2 |  2.1

Action                   |  1- 3 |  4- 6 |  7- 9 || total
-------------------------+-------+-------+-------++-------
Melee: Long sword        |    56 |    86 |    78 ||   220
       Constrict         |    25 |    34 |    23 ||    82
       Tentacles         |    11 |    19 |    25 ||    55
Invok: Potion Petition   |       |       |     1 ||     1
  Use: Scroll            |     6 |     6 |     4 ||    16
       Potion            |       |       |     6 ||     6
 Stab: Sleeping          |    10 |    10 |     5 ||    25
       Distracted        |       |     1 |       ||     1
Armor: Skin              |     4 |     2 |     4 ||    10
Dodge: Dodged            |    24 |    36 |    32 ||    92
Block: Kite shield       |    20 |    41 |    38 ||    99
       Rpst.: Long sword |    11 |    12 |    18 ||    41
